Map: 幽暗之塔

Players

Nice - Winner!

  • Race: Protoss Protoss
  • League: Grandmaster

Rose (Python)

  • Race: Zerg Zerg
  • League: Grandmaster

Event: 2016 WCS Winter Challenger Taiwan

VOD

Have the link to the VOD?

Description

Time

  • Played on: Jan. 15, 2016, 5:31 a.m.
  • Length: 13:32

All games in this series

Show
View Real Time Build Order
Export as new Build Order

Nice Protoss - Winner!

Build Orders: Oracle Opening 

Get SALT Encoding   

  12  0:01  Probe (Chrono Boost)  
  13  0:12  Probe (Chrono Boost)  
  14  0:18  Pylon  
  14  0:22  Probe (Chrono Boost)  
  15  0:36  Probe (Chrono Boost)  
  16  0:46  Probe (Chrono Boost)  
  17  0:57  Probe (Chrono Boost)  
  18  1:07  Nexus  
  18  1:09  Probe (Chrono Boost)  
  19  1:16  Gateway  
  19  1:20  Probe (Chrono Boost)  
  19  1:23  Assimilator  
  20  1:29  Assimilator  
  21  1:33  Probe (Chrono Boost)  
  21  1:43  Probe (Chrono Boost)  
  21  1:46  Gateway  
  22  1:54  Probe (Chrono Boost)  
  23  2:05  Cybernetics Core  
  23  2:12  Pylon  
  23  2:19  Probe (Chrono Boost)  
  23  2:20  Probe (Chrono Boost)  
  26  2:30  Probe (Chrono Boost)  
  26  2:31  Probe (Chrono Boost)  
  27  2:40  Probe (Chrono Boost)  
  27  2:41  Probe (Chrono Boost), Stalker (Chrono Boost), Adept (Chrono Boost)  
  27  2:43  Warp Gate  
  33  2:50  Stargate  
  33  2:52  Probe  
  34  2:59  Probe (Chrono Boost)  
  34  3:04  Probe (Chrono Boost)  
  36  3:11  Probe (Chrono Boost)  
  37  3:15  Probe (Chrono Boost)  
  37  3:19  Adept x2  
  42  3:21  Probe (Chrono Boost)  
  42  3:22  Pylon  
  44  3:29  Mothership Core (Chrono Boost)  
  44  3:32  Probe (Chrono Boost)  
  46  3:41  Probe (Chrono Boost)  
  46  3:42  Oracle (Chrono Boost)  
  50  3:48  Probe  
  51  3:57  Pylon, Nexus  
  51  4:00  Pylon  
  49  4:10  Probe x2  
  51  4:18  Forge  
  51  4:20  Twilight Council  
  51  4:21  Probe, Robotics Facility  
  51  4:22  Probe  
  50  4:31  Probe  
  50  4:38  Probe  
  51  4:42  Probe  
  50  4:50  Probe  
  51  4:52  Probe  
  51  4:58  Void Ray (Chrono Boost)  
  56  5:01  Assimilator  
  56  5:02  Probe  
  56  5:03  Probe  
  56  5:06  Assimilator  
  58  5:08  Probe  
  58  5:09  Pylon  
  58  5:13  Probe  
  59  5:14  Probe  
  59  5:16  Resonating Glaives  
  59  5:19  Probe  
  62  5:24  Probe  
  62  5:26  Probe  
  64  5:29  Probe  
  64  5:31  Warp Prism, Protoss Ground Weapons Level 1  
  64  5:34  Pylon  
  64  5:35  Probe  
  67  5:37  Gateway  
  67  5:38  Probe  
  67  5:40  Probe  
  70  5:43  Sentry  
  70  5:46  Probe (Chrono Boost)  
  70  5:47  Gateway  
  70  5:49  Sentry  
  75  5:50  Probe (Chrono Boost)  
  75  5:52  Probe (Chrono Boost)  
  77  5:57  Probe (Chrono Boost)  
  77  6:00  Gateway  
  77  6:01  Gateway  
  77  6:03  Gateway  
  78  6:08  Sentry  
  78  6:10  Probe (Chrono Boost)  
  78  6:11  Probe (Chrono Boost)  
  82  6:12  Probe (Chrono Boost), Pylon  
  83  6:21  Probe x2 (Chrono Boost)  
  83  6:22  Robotics Bay  
  85  6:32  Probe x3 (Chrono Boost)  
  88  6:34  Assimilator  
  88  6:35  Pylon, Assimilator  
  88  6:37  Photon Cannon  
  88  6:41  Adept x3  
  88  6:44  Phoenix  
  96  6:47  Probe (Chrono Boost)  
  96  6:49  Pylon  
  97  7:09  Protoss Ground Weapons Level 2, Disruptor (Chrono Boost)  
  94  7:18  Stalker x2  
  94  7:19  Stalker x4  
  94  7:22  Gateway  
  106  7:24  Gateway  
  106  7:27  Gateway  
  106  7:31  Pylon x2  
  106  7:36  Pylon  
  106  7:37  Pylon  
  106  7:43  Adept x2, Disruptor (Chrono Boost)  
  106  7:44  Adept x2  
  117  7:53  Gateway  
  117  7:54  Gateway  
  117  7:58  Pylon  
  117  7:59  Pylon  
  113  8:14  Disruptor (Chrono Boost)  
  114  8:24  Adept  
  114  8:25  Adept x2  
  114  8:26  Adept  
  116  8:45  Observer (Chrono Boost)  
  117  8:53  Adept x4  
  117  8:54  Adept x4  
  117  8:55  Adept x2  
  137  9:01  Robotics Facility  
  137  9:08  Blink (Chrono Boost)  
  113  9:21  Nexus  
  109  9:25  Pylon x2  
  109  9:26  Protoss Ground Weapons Level 3 (Chrono Boost)  
  109  9:27  Pylon, Disruptor (Chrono Boost)  
  109  9:28  Pylon  
  109  9:30  Stalker x3  
  109  9:31  Stalker x3  
  124  9:33  Pylon  
  124  9:39  Pylon  
  124  9:49  Photon Cannon, Disruptor  
  127  9:53  Adept x4  
  127  9:54  Disruptor  
  127  9:56  Sentry x2  
  142  10:09  Photon Cannon  
  142  10:10  Dark Shrine  
  142  10:33  Adept x2  
  142  10:34  Adept x2  
  150  10:36  Phoenix (Chrono Boost)  
  150  10:39  Stargate  
  150  10:41  Pylon x2  
  144  10:50  Photon Cannon  
  144  10:54  Photon Cannon x3  
  144  10:55  Pylon  
  144  10:56  Photon Cannon  
  144  10:58  Phoenix (Chrono Boost)  
  144  10:59  Photon Cannon  
  146  11:16  Templar Archives  
  146  11:22  Phoenix  
  148  11:26  Gravitic Drive (Chrono Boost)  
  148  11:30  Assimilator  
  148  11:32  Pylon  
  148  11:39  Assimilator  
  145  11:41  Stalker x6  
  134  12:07  Stalker x4  
  134  12:08  Stalker x5  
  131  12:11  Disruptor  
  123  12:16  Disruptor  
  129  12:32  Sentry x3  
  129  12:33  Stalker x4  
  130  12:53  Stalker  
  130  12:54  Stalker x2  
  130  12:58  Stalker x3  
  130  12:59  Stalker x2  
  138  13:06  Stalker x2  
Show
View Real Time Build Order
Export as new Build Order

Rose Zerg 

Build Orders: Hatch First, Lurkers 

Get SALT Encoding   

  12  0:00  Drone  
  13  0:08  Drone  
  14  0:17  Overlord  
  14  0:22  Extractor  
  14  0:23  Drone  
  15  0:35  Drone x2  
  17  0:52  Hatchery  
  17  0:56  Drone  
  17  1:09  Spawning Pool  
  16  1:11  Extractor  
  16  1:12  Drone  
  16  1:16  Drone  
  17  1:20  Drone  
  18  1:26  Drone  
  19  1:38  Overlord  
  19  1:55  Queen  
  19  1:56  Zergling x2  
  22  2:01  Drone  
  22  2:03  Queen  
  22  2:04  Drone  
  26  2:10  Drone  
  26  2:13  Metabolic Boost  
  27  2:17  Drone  
  27  2:20  Drone  
  29  2:30  Drone  
  30  2:40  Drone  
  30  2:42  Hatchery  
  30  2:45  Queen  
  30  2:49  Drone  
  33  2:52  Overlord  
  33  3:00  Drone  
  33  3:02  Zergling x4  
  36  3:11  Zergling x4  
  36  3:12  Zergling x4  
  39  3:16  Overlord  
  39  3:17  Drone x3  
  42  3:27  Drone x2  
  44  3:36  Extractor  
  44  3:38  Overlord  
  44  3:39  Drone  
  44  3:45  Drone  
  45  3:49  Overlord  
  45  3:50  Drone x2  
  45  3:52  Drone  
  45  3:54  Drone x3  
  51  4:04  Overlord x2  
  51  4:09  Drone  
  52  4:14  Drone  
  52  4:15  Lair  
  53  4:18  Extractor  
  49  4:32  Spore Crawler  
  49  4:33  Spore Crawler  
  49  4:34  Drone  
  49  4:35  Queen  
  49  4:36  Drone x2  
  49  4:37  Drone  
  51  4:40  Drone x3  
  51  4:44  Drone x2  
  55  4:47  Drone x2  
  55  4:51  Spore Crawler  
  55  4:55  Drone  
  55  4:56  Drone x4  
  59  5:03  Drone  
  59  5:05  Drone  
  59  5:06  Extractor  
  58  5:16  Drone x9  
  58  5:20  Hydralisk Den  
  66  5:24  Overlord  
  66  5:26  Drone x2  
  68  5:30  Roach Warren  
  68  5:34  Drone x2  
  68  5:35  Evolution Chamber  
  68  5:37  Drone  
  69  5:45  Zergling x2  
  70  5:52  Drone  
  70  5:53  Drone x8  
  70  5:54  Extractor  
  70  5:56  Overseer  
  78  5:57  Extractor  
  78  6:00  Lurker Den  
  78  6:01  Zerg Missile Weapons Level 1  
  77  6:04  Overlord x2  
  77  6:05  Overlord  
  77  6:09  Hydralisk x2  
  81  6:13  Glial Reconstitution  
  81  6:21  Overlord  
  81  6:22  Overlord x2  
  81  6:25  Hydralisk x4  
  85  6:27  Roach x3  
  85  6:28  Roach  
  97  6:37  Hydralisk x2  
  97  6:38  Hydralisk, Roach  
  104  6:45  Hydralisk  
  106  6:47  Ravager  
  106  6:48  Ravager  
  106  6:50  Roach x6  
  106  6:51  Roach  
  112  7:17  Drone  
  112  7:18  Drone  
  112  7:19  Drone  
  112  7:20  Drone  
  116  7:23  Overlord x2  
  116  7:25  Hydralisk, Roach  
  116  7:26  Roach  
  122  7:32  Muscular Augments  
  122  7:36  Roach x3  
  128  7:38  Overlord x3  
  128  7:39  Overlord  
  128  7:47  Lurker x6  
  134  7:52  Roach x3  
  134  7:53  Zergling x2, Roach x2  
  134  7:55  Overlord  
  145  8:02  Hydralisk x2  
  145  8:03  Zergling x2, Roach x3  
  145  8:04  Zergling x2  
  152  8:15  Roach x4  
  157  8:27  Hydralisk  
  157  8:28  Roach x5  
  158  8:39  Hydralisk x3  
  158  8:40  Roach x3  
  147  8:48  Drone x2  
  146  8:59  Spire  
  143  9:06  Zerg Melee Weapons Level 1  
  143  9:07  Roach x8  
  150  9:16  Drone x2  
  147  9:22  Hatchery  
  145  9:32  Drone x2  
  145  9:35  Drone x3  
  150  9:58  Overlord  
  150  9:59  Overlord x2  
  150  10:00  Extractor  
  150  10:02  Queen  
  150  10:04  Extractor  
  150  10:09  Hatchery  
  150  10:13  Zerg Flyer Weapons Level 1  
  149  10:15  Infestation Pit, Roach x7  
  149  10:16  Roach x6  
  149  10:17  Ravager x4  
  149  10:18  Ravager x2  
  174  10:48  Mutalisk x6  
  182  11:00  Queen  
  182  11:03  Zerg Melee Weapons Level 2  
  184  11:06  Overseer  
  184  11:12  Hive  
  184  11:13  Roach x2  
  184  11:14  Roach x3  
  184  11:15  Zergling x10  
  184  11:16  Spore Crawler  
  198  11:33  Drone x2  
  200  11:42  Extractor  
  198  12:00  Hydralisk x5  
  198  12:01  Hydralisk, Roach x6  
  164  12:05  Hydralisk  
  164  12:06  Roach  
  145  12:15  Hydralisk  
  145  12:16  Hydralisk, Roach  
  145  12:19  Ravager x2  
  145  12:20  Ravager  
  145  12:21  Ravager x3  
  155  12:29  Drone x5  
  160  12:30  Drone  
  160  12:33  Extractor  
  158  12:49  Hydralisk  
  158  12:50  Hydralisk x2, Roach x2  
  125  12:51  Roach  
  113  13:06  Lurker x3  
  113  13:07  Lurker  
  113  13:08  Lurker  
Tags
 
Add a new tag
Caveats
  • Supply blocks, unpowered buildings, or Contaminate may cause inaccurate times.
  • Supply counts are checked every 10 seconds.